 Dungeon Crawl Stone Soup version 0.29-a0-364-g921d912d32 (webtiles) character file.

Game seed: 3753201537463529882

10552 ProjektDeviant the Priest (level 11, -2/94 HPs)
             Began as a Hill Orc Earth Elementalist on Apr 30, 2022.
             Was a Believer of Beogh.
             Slain by a two-headed ogre
             ... wielding a +0 giant club
              (16 damage)
             ... on level 10 of the Dungeon.
             The game lasted 00:30:37 (16598 turns).

ProjektDeviant the Priest (HOEE)                   Turns: 16598, Time: 00:30:37

Health: -2/94      AC: 19    Str: 12    XL:     11   Next: 63%
Magic:  9/19       EV: 12    Int: 19    God:    Beogh [**....]
Gold:   669        SH:  0    Dex: 11    Spells: 14/18 levels left

rFire   + . .      SeeInvis +   P - +7 staff of the Meek {protect, meekguard}
rCold   + . .      Faith    .   (shield currently unavailable)
rNeg    . . .      Spirit   .   V - +2 robe {Will+}
rPois   .          Reflect  .   (no helmet)
rElec   .          Harm     .   o - scarf {rC+ rF+}
rCorr   .          Rampage  .   N - +0 pair of gloves
Will    +....                   (no boots)
Stlth   ++........              (no amulet)
HPRegen 0.25/turn               z - ring of see invisible
MPRegen 0.16/turn               G - ring of flight

@: about to teleport, under a protective aura, flying, very slightly
contaminated
A: no striking features
a: Renounce Religion, Smiting


You were on level 10 of the Dungeon.
You worshipped Beogh.
Beogh was pleased with you.
You visited 2 branches of the dungeon, and saw 11 of its levels.
You also visited: Sewer and Bailey.

You collected 669 gold pieces.

Inventory:

Hand Weapons
 a - a +5 flail
   (You took it off an orc on level 3 of the Dungeon)
 q - the +9 spear of the Snake Pit {flame, Contam rPois rF+}
   (You found it on level 7 of the Dungeon)

   It burns those it strikes, dealing additional fire damage.
   rF:        It protects you from fire.
   rPois:     It protects you from poison.
   Contam:    It causes magical contamination when unequipped.
 O - the +4 dagger of Agony {antimagic, rPois rCorr Int+4 Dex+4}
   (You found it on level 8 of the Dungeon)

   It reduces the magical energy of the wielder, and disrupts the spells and
   magical abilities of those it strikes.
   Natural abilities and divine invocations are not affected.
   Int:       It affects your intelligence (+4).
   Dex:       It affects your dexterity (+4).
   rPois:     It protects you from poison.
   rCorr:     It protects you from acid and corrosion.
 P - the +7 staff of the Meek (weapon) {protect, meekguard}
   (You found it on level 7 of the Dungeon)

   It grants its wielder temporary protection when it strikes (+7 to AC).
   It provides extra protection to wielders with little health.
 X - a +1 scimitar of flaming
   (You took it off Erica on level 10 of the Dungeon)
Missiles
 k - 7 boomerangs
 l - 320 stones
 m - 3 poisoned darts (quivered)
Armour
 d - +0 acid dragon scales
   (You found it in a bailey)
 j - a +0 buckler
   (You found it on level 1 of the Dungeon)
 o - a scarf of resistance (worn)
   (You found it on level 2 of the Dungeon)
 N - a +0 pair of gloves (worn)
   (You found it on level 8 of the Dungeon)
 V - a +2 robe of willpower (worn)
   (You took it off Erica on level 10 of the Dungeon)
Magical Staves
 b - a staff of earth
   (You found it on level 2 of the Dungeon)
 u - a staff of air
   (You found it in a sewer)
 S - a staff of death
   (You found it on level 7 of the Dungeon)
Jewellery
 z - a ring of see invisible (left hand)
   (You found it on level 6 of the Dungeon)
 C - a ring of positive energy
   (You found it on level 3 of the Dungeon)
 G - a ring of flight (right hand)
   (You found it on level 4 of the Dungeon)
Wands
 t - a wand of flame (26)
   (You found it on level 4 of the Dungeon)
 x - a wand of acid (1)
   (You found it on level 9 of the Dungeon)
 J - a wand of mindburst (5)
   (You took it off Ijyb on level 5 of the Dungeon)
 M - a wand of polymorph (5)
   (You found it on level 9 of the Dungeon)
Scrolls
 e - 5 scrolls of teleportation {@r4}
 h - a scroll of noise {unknown}
 i - 3 scrolls of enchant weapon
 p - a scroll of amnesia {unknown}
 s - a scroll of holy word {unknown}
 v - 2 scrolls of torment {unknown}
 y - a scroll of enchant armour {unknown}
 E - 4 scrolls of immolation {unknown}
 F - 4 scrolls of magic mapping
 H - 2 scrolls of vulnerability {!r}
 I - a scroll of summoning
 L - 2 scrolls of fear {unknown}
 R - a scroll of acquirement {unknown}
 U - 4 scrolls of fog
 W - a scroll of silence {unknown}
Potions
 c - 3 potions of magic
 f - 3 potions of mutation {!q}
 g - 4 potions of might
 n - 2 potions of cancellation
 r - a potion of attraction {!q}
 w - 2 potions of heal wounds {@q2}
 A - 3 potions of haste {@q3}
 B - 2 potions of flight
 D - 2 potions of lignification {!q}
 K - a potion of brilliance {unknown}
 Q - a potion of ambrosia
 T - a potion of degeneration {unknown}


   Skills:
 + Level 7.9 Fighting
 + Level 6.7 Staves
 - Level 3.3 Armour
 - Level 1.5 Dodging
 - Level 1.5 Stealth
 - Level 5.0 Shields
 - Level 4.0 Spellcasting
 - Level 4.0 Conjurations
 - Level 0.6 Transmutations
 - Level 1.0 Air Magic
 + Level 7.8 Earth Magic
 - Level 11.0 Invocations
 - Level 5.0 Evocations


You had 14 spell levels left.
You knew the following spells:

 Your Spells              Type           Power      Damage    Failure   Level
a - Sandblast             Erth           66%        2d15      1%          1
x - Stone Arrow           Conj/Erth      52%        3d10      3%          3

Your spell library contained the following spells:

 Spells                   Type           Power      Damage    Failure   Level
 Passwall                 Tmut/Erth      15%        N/A       3%          2
 Wereblood                Tmut           6%         N/A       16%         2
 Sublimation of Blood     Necr           3%         N/A       21%         2
 Petrify                  Tmut/Erth      19%        N/A       24%         4
 Gell's Gravitas          Tloc           3%         N/A       38%         3
 Lesser Beckoning         Tloc           3%         N/A       38%         3
 Teleport Other           Tloc           3%         N/A       38%         3
 Hailstorm                Conj/Ice       11%        3d5       52%         4
 Ice Form                 Ice/Tmut       4%         N/A       77%         4
 Passage of Golubria      Tloc           3%         N/A       80%         4
 Silence                  Hex/Air        2%         N/A       97%         5
 Metabolic Englaciation   Hex/Ice        1%         N/A       98%         5
 Statue Form              Tmut/Erth      12%        N/A       98%         6
 Simulacrum               Ice/Necr       1%         N/A       100%        6
 Summon Hydra             Summ           1%         N/A       100%        7
 Lehudib's Crystal Spear  Conj/Erth      13%        10d4      100%        8


Dungeon Overview and Level Annotations

Branches:
Dungeon (10/15)            Temple (1/1) D:4           Sewer (visited)
 Bailey (visited)
   Lair: D:8-11         Orc: D:9-12

Altars:
Ashenzari
Cheibriados
Dithmenos
Elyvilon
Fedhas
Gozag
Hepliaklqana
Kikubaaqudgha
Makhleb
Nemelex Xobeh
Okawaru
Qazlal
Ru
Sif Muna
Trog
Uskayaw
Vehumet
Wu Jian
Xom
Yredelemnul
Zin
The Shining One
Beogh

Shops:
D:1 (

Portals:
Trove: D:10 (give 15 potions of curing)


Message History

Aim: Lodul, wielding a +0 dire flail (severely wounded, 83% to hit)
The stone arrow hits Lodul!
Lodul closely misses you.
Aim: Lodul, wielding a +0 dire flail (almost dead, 83% to hit)
The stone arrow hits Lodul.
Lodul drinks a potion.
Lodul seems to grow stronger.
Aim: Lodul, wielding a +0 dire flail (almost dead, strong, 83% to hit)
You miscast Stone Arrow.
Nothing appears to happen.
Lodul says, "I guard Vaults good!
You no get in!"
Lodul hits you with a +0 dire flail!
Electricity crackles from Lodul's apparatus.
The bolt of lightning hits you!
Electricity crackles from Lodul's apparatus.
The bolt of lightning hits you.
Unknown command.
The bolt of acid misses the two-headed ogre.
The bolt of acid hits Lodul!
The acid corrodes Lodul!
You kill Lodul!
Beogh accepts your kill.
That's the wrong kind of item! (Use * to select it.)
Okay, then.
Unknown command.
Aim: a two-headed ogre, wielding two +0 giant clubs (88% to hit)
The bolt of acid hits the two-headed ogre!!
The acid corrodes the two-headed ogre!
The bolt of acid hits the two-headed ogre!!
The acid corrodes the two-headed ogre!
The two-headed ogre closely misses you. The two-headed ogre barely misses you.
Aim: a two-headed ogre, wielding two +0 giant clubs (heavily wounded, covered in acid, 88% to hit)
The bolt of acid hits the two-headed ogre!
The two-headed ogre seems to be corroded for longer.
The bolt of acid hits the two-headed ogre.
As you read the scroll of teleportation {@r4}, it crumbles to dust.
You feel strangely unstable.
The two-headed ogre closely misses you. x2
You hit the two-headed ogre.
Your weapon exudes an aura of protection.
The two-headed ogre hits you with a +0 giant club!
* * * LOW HITPOINT WARNING * * *
The two-headed ogre completely misses you.
You sock the two-headed ogre!
The two-headed ogre hits you with a +0 giant club!
* * * LOW HITPOINT WARNING * * *
The two-headed ogre hits you but does no damage.
The two-headed ogre hits you with a +0 giant club!
* * * LOW HITPOINT WARNING * * *
The two-headed ogre hits you with a +0 giant club.
* * * LOW HITPOINT WARNING * * *
Unknown command.
You barely miss the two-headed ogre.
The two-headed ogre hits you with a +0 giant club!
You die...

## #. #. #. ####### #.
#@O...# #######. #O###.#
#....##. ###O###.#
#....##≈
##.....#.#####....#≈≈
.......).............≈≈≈
##.(#.....#.#####....≈≈≈
#. #.....#.# ####≈≈≈≈ #
#?###.#.# ##≈≈≈ >(.
..... ...≈≈


You could see 3 two-headed ogres.

Vanquished Creatures
  Erica (D:10)
  A centaur warrior (D:10)
  A two-headed ogre (Bailey)
  Lodul (D:10)
  Pikel (D:5)
  Maggie (D:6)
  2 gargoyles (D:10)
  An unseen horror (D:10)
  Prince Ribbit (D:6)
  3 spriggans (Bailey)
  A vampire (D:10)
  Sigmund (D:6)
  3 wyverns
  A wraith (D:9)
  Eustachio (D:6)
  3 yaks (D:10)
  4 vampire mosquitoes (D:10)
  An acid dragon (Bailey)
  2 water moccasins (D:7)
  3 black bears
  A sky beast (D:8)
  2 orc warriors
  9 ogres
  3 centaurs
  A kobold brigand (D:10)
  5 bullfrogs
  A necrophage (D:6)
  3 scorpions
  3 wights (D:7)
  3 killer bees (D:9)
  8 howler monkeys
  9 electric eels
  2 hounds
  A jelly (D:8)
  2 orc priests (D:7)
  4 iguanas (D:5)
  Ijyb (D:5)
  5 orc wizards
  A gnoll (D:6)
  A river rat (D:3)
  9 adders
  A shadow imp (D:5)
  A white imp (D:4)
  5 worms
  2 dart slugs
  28 orcs
  15 endoplasms
  11 giant cockroaches
  8 goblins
  4 hobgoblins
  11 kobolds
  9 quokkas
  13 ball pythons
  4 bats
  27 frilled lizards
  A rat (D:2)
247 creatures vanquished.

Vanquished Creatures (others)
  A black bear (D:6)
  2 orc priests (D:6)
  An orc (D:6)
  4 plants (D:1)
8 creatures vanquished.

Grand Total: 255 creatures vanquished

Notes
Turn   | Place    | Note
-------+----------+-------------------------------------------
     0 | D:1      | ProjektDeviant the Hill Orc Earth Elementalist began the
                  | quest for the Orb.
     0 | D:1      | Reached XP level 1. HP: 14/14 MP: 3/3
   322 | D:1      | Reached XP level 2. HP: 14/20 MP: 3/5
   464 | D:1      | Found Edyf's Weapon Boutique.
  1102 | D:1      | Reached skill level 1 in Shields
  1378 | D:1      | Reached XP level 3. HP: 18/26 MP: 6/6
  1756 | D:2      | Found a hide-covered altar of Uskayaw.
  2678 | D:3      | Found a faded altar of an unknown god.
  2754 | D:3      | Found a glowing drain.
  2767 | D:3      | Reached XP level 4. HP: 17/33 MP: 4/7
  2935 | Sewer    | Entered a sewer
  3643 | Sewer    | Reached XP level 5. HP: 38/38 MP: 8/8
  4062 | Sewer    | Reached skill level 5 in Earth Magic
  4062 | Sewer    | Reached XP level 6. HP: 28/45 MP: 2/9
  5678 | D:4      | Found a staircase to the Ecumenical Temple.
  5699 | Temple   | Entered the Ecumenical Temple
  6208 | D:4      | Learned a level 3 spell: Stone Arrow
  6823 | D:5      | Entered Level 5 of the Dungeon
  6927 | D:5      | Reached skill level 1 in Evocations
  7051 | D:5      | Noticed Pikel
  7073 | D:5      | Killed Pikel
  7074 | D:5      | Reached skill level 1 in Staves
  7074 | D:5      | Reached skill level 5 in Shields
  7074 | D:5      | Reached XP level 7. HP: 19/56 MP: 6/11
  7074 | D:5      | Reached XP level 8. HP: 21/62 MP: 6/12
  7828 | D:5      | Noticed Ijyb
  7962 | D:5      | Killed Ijyb
  8211 | D:6      | Noticed Prince Ribbit
  8216 | D:6      | Killed Prince Ribbit
  8282 | D:6      | Noticed Sigmund
  8286 | D:6      | Killed Sigmund
  8287 | D:6      | Became a worshipper of Beogh the Brigand
  8452 | D:6      | Noticed Maggie
  8456 | D:6      | Reached skill level 1 in Invocations
  8460 | D:6      | Killed Maggie
  8461 | D:6      | Reached skill level 2 in Invocations
  8461 | D:6      | Reached XP level 9. HP: 65/72 MP: 10/13
  9422 | D:6      | Noticed Eustachio
  9427 | D:6      | Killed Eustachio
  9428 | D:6      | Reached skill level 5 in Fighting
  9571 | D:7      | Reached skill level 3 in Invocations
  9651 | D:7      | Found a flagged portal.
  9662 | D:7      | Identified the +9 spear of the Snake Pit {flame, Contam
                  | rPois rF+}
  9666 | Bailey   | Entered a bailey
  9711 | Bailey   | Reached skill level 4 in Invocations
  9720 | Bailey   | Reached skill level 5 in Evocations
  9734 | Bailey   | Reached * piety under Beogh
  9735 | Bailey   | Reached skill level 5 in Staves
  9735 | Bailey   | Reached skill level 5 in Invocations
  9741 | Bailey   | Reached XP level 10. HP: 35/81 MP: 0/14
 10008 | Bailey   | Noticed a two-headed ogre
 10018 | Bailey   | Killed a two-headed ogre
 10019 | Bailey   | Reached skill level 8 in Invocations
 10287 | Bailey   | Reached skill level 9 in Invocations
 10330 | Bailey   | Identified the +6 glaive of Weitoirgh {antimagic, Will+
                  | Stlth+}
 10832 | D:7      | Reached skill level 1 in Air Magic
 10958 | D:7      | Found a roughly hewn altar of Beogh.
 10958 | D:7      | Found the +7 staff of the Meek {protect, meekguard}
 11403 | D:7      | Reached skill level 1 in Armour
 11680 | D:7      | Reached skill level 10 in Invocations
 12883 | D:8      | Identified the +4 dagger of Agony {antimagic, rPois rCorr
                  | Int+4 Dex+4}
 13653 | D:9      | Reached ** piety under Beogh
 13889 | D:9      | Found a broken altar of Ashenzari.
 14175 | D:10     | Entered Level 10 of the Dungeon
 14187 | D:10     | Noticed a two-headed ogre
 14187 | D:10     | Noticed a two-headed ogre
 14188 | D:10     | Noticed Lodul
 14188 | D:10     | Noticed a two-headed ogre
 14467 | D:10     | Reached XP level 11. HP: 89/89 MP: 18/18
 14504 | D:10     | Noticed a two-headed ogre
 15699 | D:10     | Reached skill level 11 in Invocations
 15969 | D:10     | Found a portal to a secret trove of treasure.
 16191 | D:10     | Noticed a centaur warrior
 16197 | D:10     | Killed a centaur warrior
 16481 | D:10     | Noticed Erica
 16497 | D:10     | Killed Erica
 16592 | D:10     | Killed Lodul
 16598 | D:10     | Slain by a two-headed ogre

Illustrated notes

Levels and vault maps discovered:
D:1:      zelgadis_glass_arrival_small, layout_loops_corners, serial_shops,
          nicolae_shop_trees, minmay_lizard_king
D:2:      layout_rooms, basic_altar
D:3:      layout_loops_ring, ebering_ecumenical_altar_webs,
          cheibrodos_sewer_entry_sluice, chequers_arboretum, serial_park_tiny_2,
          chequers_jeans, palyth_stone_intersect, serial_bayou_crossing
D:4:      layout_loops_corners, minmay_temple_entry_slanted
D:5:      layout_gridville, chequers_serial_rivers_micro_e, uniq_pikel,
          uniq_ijyb
D:6:      layout_cave_pools, minivault_27, minmay_misc_feat_rugged,
          kennysheep_path_1, st_stairs_7, chequers_serial_rivers_room_a,
          uniq_sigmund, uniq_maggie, uniq_eustachio, uniq_prince_ribbit1
D:7:      layout_cave_pods, enter_bailey_2, pf_guarded_unrand_meek
D:8:      layout_layer_cave
D:9:      layout_rooms, mainiacjoe_overflow_six_doors_small
D:10:     minmay_sliced_demisemicircle, layout_basic,
          nicolae_trove_entry_free_sample, uniq_erica, uniq_lodul
Temple:   nicolae_temple_the_god_donut

Skill      XL: |  1  2  3  4  5  6  7  8  9 10 11 |
---------------+----------------------------------+-----
Spellcasting   | 2 3 4 |  4.0
Shields        | 1 2 3 4 5 |  5.0
Earth Magic    | 4 5 6 7 |  7.8
Evocations     | 2 3 5 |  5.0
Fighting       | 2 4 5 6 7 |  7.9
Staves         | 1 3 5 6 |  6.7
Conjurations   | 2 3 4 |  4.0
Invocations    | 2 5 10 11 | 11.0
Air Magic      | 1 |  1.0
Armour         | 2 3 |  3.3
Dodging        | |  1.5
Stealth        | |  1.5
Transmutations | |  0.6

Action                   |  1- 3 |  4- 6 |  7- 9 | 10-12 || total
-------------------------+-------+-------+-------+-------++-------
Melee: Dagger            |    69 |       |       |     8 ||    77
       Staff             |    21 |   166 |    65 |    31 ||   283
       Quarterstaff      |       |       |       |   130 ||   130
Throw: Boomerang         |    11 |       |       |       ||    11
       Dart              |       |     1 |       |     8 ||     9
 Cast: Sandblast         |    25 |    82 |    44 |    28 ||   179
       Stone Arrow       |       |     1 |     6 |    69 ||    76
Invok: Convert to Beogh  |       |       |     1 |       ||     1
Evoke: Wand              |       |     3 |    16 |    33 ||    52
  Use: Potion            |       |     1 |       |     7 ||     8
       Scroll            |       |     6 |     4 |     5 ||    15
 Stab: Sleeping          |     3 |     4 |     1 |     1 ||     9
       Distracted        |       |       |       |     1 ||     1
Armor: Robe              |     9 |    23 |     3 |     1 ||    36
       Steam dragon scal |       |       |     8 |     2 ||    10
       Acid dragon scale |       |       |       |   106 ||   106
Dodge: Dodged            |    54 |   110 |    47 |   139 ||   350
Block: Buckler           |     4 |    50 |    23 |     8 ||    85

Table legend: (Time is in decaauts)
 A = Elapsed time spent in this place.
 B = Non-inter-level travel time spent in this place.
 C = Inter-level travel time spent in this place.
 D = Time resting spent in this place.
 E = Time spent auto-exploring this place.
 F = Levels seen in this place.
 G = Mean time per level.
                   A        B        C        D        E       F      G
               +--------+--------+--------+--------+--------+-----+--------+
         Total |  16735 |  16415 |    320 |   5035 |   9028 |  13 | 1287.3 |
       Dungeon |  14343 |  14033 |    310 |   4088 |   8106 |  10 | 1434.3 |
        Temple |    254 |    244 |     10 |      0 |    228 |   1 |  254.0 |
         Sewer |   1359 |   1359 |      0 |    483 |    562 |   1 | 1359.0 |
        Bailey |    777 |    777 |      0 |    464 |    132 |   1 |  777.0 |
               +--------+--------+--------+--------+--------+-----+--------+

Top non-repeatable levels by time:
    D:10: 2208 daAuts
     D:7: 1763 daAuts
     D:1: 1547 daAuts
     D:6: 1494 daAuts
     D:3: 1485 daAuts
   Sewer: 1359 daAuts
     D:4: 1308 daAuts
     D:8: 1304 daAuts
     D:5: 1266 daAuts
     D:2: 991 daAuts
     D:9: 973 daAuts
  Bailey: 777 daAuts
  Temple: 254 daAuts
